 Dungeon Crawl Stone Soup version 0.30.0-5-g1a98f26d00 (webtiles) character file.

Game seed: 10244339585463889452

11 LobsterGuardian the Ducker (level 2, 0/19 HPs)
             Began as a Tengu Monk on May 10, 2023.
             Was a Believer of Kikubaaqudgha.
             Slain by a gnoll
             ... wielding a +0 flail
              (5 damage)
             ... on level 1 of the Dungeon.
             The game lasted 00:04:11 (166 turns).

LobsterGuardian the Ducker (Tengu Monk)              Turns: 166, Time: 00:04:12

Health: 0/19       AC:  2    Str: 11    XL:     2   Next: 29%
Magic:  4/4        EV: 13    Int: 10    God:    Kikubaaqudgha [**....]
Gold:   48         SH:  0    Dex: 16    Spells: 2/3 levels left

rFire   . . .        a - +0 short sword
rCold   . . .        d - orb {light}
rNeg    . . .        b - +0 robe
rPois   .            (helmet restricted)
rElec   .            (no cloak)
rCorr   .            (no gloves)
SInv    .            (boots unavailable)
Will    .....        (no amulet)
Stlth   +            (no ring)
HPRegen 0.23/turn    (no ring)
MPRegen 0.09/turn

%: no passive effects
@: very slightly contaminated, glowing
A: beak, talons 3
a: Renounce Religion, Unearth Wretches


You were on level 1 of the Dungeon.
You worshipped Kikubaaqudgha.
Kikubaaqudgha was pleased with you.
You visited 1 branch of the dungeon, and saw 1 of its levels.

You collected 48 gold pieces.

Inventory:

Hand Weapons
 a - a +0 short sword (weapon)
 e - a +0 dagger
Armour
 b - a +0 robe (worn)
 d - an orb of light (worn)


   Skills:
 - Level 3.1 Fighting
 - Level 3.4 Short Blades
 - Level 3.4 Dodging
 + Level 1.2 Spellcasting


You had 2 spell levels left.
You knew the following spells:

 Your Spells              Type           Power      Damage    Failure   Level
a - Necrotise             Necr           0%         1d4       34%         1

Your spell library contained the following spells:

 Spells                   Type           Power      Damage    Failure   Level
 Kiss of Death            Conj/Necr      0%         2d5       34%         1
 Cigotuvi's Dreadful Rot  Necr/Pois/Air  0%         N/A       45%         2
 Vampiric Draining        Necr           0%         2d6       71%         3
 Vhi's Electric Charge    Tloc/Air       0%         N/A       71%         3
 Arcjolt                  Conj/Air       0%         1d10      100%        5
 Plasma Beam              Fire/Air       0%         2x1d11    100%        6


Dungeon Overview and Level Annotations

Branches:
Dungeon (1/15)

Altars:
Kikubaaqudgha


Innate Abilities, Weirdness & Mutations

You have a beak for a mouth.
You have claws for feet.


Message History

You hit the gnoll. Your kick misses the gnoll.
The gnoll is moderately wounded.
The gnoll hits you with a +0 flail.
An endoplasm comes into view.
The endoplasm freezes you.
You are frozen.
Unknown command.
Okay, then.
Okay, then.
You are confused.
You feel invigorated. The endoplasm closely misses you.
The gnoll closely misses you.
You hit the endoplasm.
The endoplasm is heavily wounded.
A hobgoblin comes into view.
The hobgoblin shouts!
The endoplasm quivers.
The gnoll misses you. The endoplasm freezes you.
You are frozen.
The endoplasm freezes you.
You are frozen.
Things that are here:
a +0 dagger; a goblin corpse You hit the gnoll.
You claw the gnoll.
The gnoll is heavily wounded.
You feel less invigorated.
You feel less confused. The endoplasm freezes you.
You are frozen.
The gnoll misses you. The endoplasm freezes you.
You are frozen.
The hobgoblin closely misses you. The endoplasm freezes you.
You are frozen.
* * * LOW HITPOINT WARNING * * *
Unknown command.
The gnoll attacks as you move away! The gnoll hits you with a +0 flail.
You die...
Kikubaaqudgha rasps: "You have failed me!
Welcome... death!"

...##..###.#.#.###
...##..##....#...###
##..##.........#..... #
..............†....†
##.######..###........#.._.†
.......§§§§# #..............
#.....§§§§# #......).#.....
#....§§§J###.†......#...##
#.#####Jg@§.........#.###
#§g###...###.##.#
#....gJ##...........#
#.###..##..).###.####
#.....#.## #.# ##.####.# ...
.. ..# .# J#


You could see a gnoll, 3 endoplasms and 2 hobgoblins.

Vanquished Creatures
  2 endoplasms (D:1)
  2 goblins (D:1)
  2 quokkas (D:1)
  3 frilled lizards (D:1)
  3 rats (D:1)
12 creatures vanquished.

Notes
Turn   | Place    | Note
-------+----------+-------------------------------------------
     0 | D:1      | LobsterGuardian the Tengu Monk began the quest for the Orb.
     0 | D:1      | Reached XP level 1. HP: 14/14 MP: 2/2
    33 | D:1      | Found a faded altar of an unknown god.
    43 | D:1      | Prayed at the altar of an unknown god.
    43 | D:1      | Became a worshipper of Kikubaaqudgha
    43 | D:1      | Reached * piety under Kikubaaqudgha
    43 | D:1      | Received a gift from Kikubaaqudgha
    43 | D:1      | Reached ** piety under Kikubaaqudgha
    61 | D:1      | Reached XP level 2. HP: 15/19 MP: 2/4
   133 | D:1      | Reached skill level 1 in Spellcasting
   146 | D:1      | Learned a level 1 spell: Necrotise
   166 | D:1      | Slain by a gnoll

Illustrated notes

Levels and vault maps discovered:
D:1:      eino_arrival_water_star, layout_loops_ring,
          ebering_ecumenical_altar_sacrificial, serial_shops, shop,
          minmay_worlds_worst_comb

Skill      XL: |  1  2 |
---------------+-------+-----
Spellcasting   | 1 |  1.2
Fighting       | |  3.1
Short Blades   | |  3.4
Dodging        | |  3.4

Action                     || total
---------------------------++-------
  Melee: Short sword       ||    25
         Kick              ||     7
         Peck              ||     3
 Invoke: Unearth Wretches  ||     1
    Use: Scroll            ||     1
         Potion            ||     1
   Stab: Paralysed         ||     1
  Dodge: Dodged            ||    20
